Unix NetHack Version 3.7.0-101 Work-in-progress - last build Mar 4 2024 02:26:32 (3c4ac04b664b9ee0831c739617f054b5b60dbfd1,branch:master). Game began 2024-03-08 07:46:53, ended 2024-03-08 07:57:46. elenmirie, neutral female gnomish Archeologist # ---------- -.------------- |........| |`..._.........## ######## ------- |........| |.............| # ----- ####-----### |.....| |........-######|..............## ###-...|0## #|...|# #####......| |........| #..............|#### ###|..<|# #|...|# |[....| |........| #--.------------ # ####### |...|## ##|...|#######......| |........| ##### ########### ....+# ##-...| -.----- --|------- # # #### -----# |.>.| # # ## ## # ######## # #-...| # ## # # # ######----- # ## # ### ###### # # # # # ### # # # # # ############### ## #### -.-- # ##### -.---# ####--------## |..| ### ## ## |...|### #|...@%..## |..| ---|------##### |...|## #...d.f.|# ---- |....>...-#### |....## |.......# |).......| |...|######.......| ---------- ----- -------- Elenmirie the Field Worker St:14 Dx:9 Co:15 In:13 Wi:17 Ch:10 Neutral Dlvl:3 $:0 HP:0(24) Pw:11(11) AC:6 Xp:3/65 T:1750 Latest messages: e - an uncursed +0 pick-axe. r - an uncursed war hammer. z - an uncursed dagger. You see here a floating eye corpse. There is a floating eye corpse here; eat it? [ynq] (n) y This floating eye corpse tastes terrible! You finish eating the floating eye corpse. You feel a strange mental acuity. There is an altar to Camaxtli (neutral) here. You descend the stairs. The newt bites! You kill the newt! You climb up the stairs. You see here a morning star. You swap places with Coco. Where do you want to travel to? (For instructions type a '?') You hear a jackal howling at the moon. The werejackal changes into a human. You hear some noises. The bottle crashes on your head and breaks into shards. The bubbly potion evaporates. This burns! Call a bubbly potion: acid Coco misses the werejackal. The werejackal changes into a jackal. You hear some noises. You miss the werejackal. The werejackal bites! You lash the werejackal. The werejackal bites! You feel feverish. You miss the werejackal. The werejackal summons help! A coyote suddenly appears next to you! The werejackal bites! You lash the werejackal. The coyote bites! The werejackal bites! You lash the werejackal. The coyote bites! The werejackal bites! You kill the werejackal! The coyote bites! You die... Do you want your possessions identified? [ynq] (y) y Do you want to see your attributes? [ynq] (y) y Do you want an account of creatures vanquished? [ynaq] (y) y Do you want to see your conduct and achievements? [ynq] (y) y Do you want to see the dungeon overview? [ynq] (y) y Inventory: Weapons z - an uncursed +0 dagger a - a blessed +2 bullwhip (weapon in right hand) r - an uncursed +0 war hammer Armor c - an uncursed +0 fedora p - an uncursed +0 helm of telepathy (being worn) l - an uncursed +1 pair of leather gloves (being worn) b - an uncursed +0 leather jacket (being worn) Comestibles d - 3 uncursed food rations x - an uncursed lembas wafer Tools w - an uncursed sack containing 8 items e - an uncursed +0 pick-axe t - an uncursed tinning kit (0:75) Gems/Stones g - an uncursed touchstone Contents of the sack: 1345 gold pieces an uncursed scroll of identify a cursed scroll of identify an uncursed scroll of remove curse an uncursed spellbook of detect monsters a blessed potion of confusion 4 uncursed potions of healing an uncursed potion of sickness Elenmirie the Archeologist's attributes: Background: You were a Field Worker, a level 3 female gnomish Archeologist. You were neutral, on a mission for Camaxtli who was opposed by Quetzalcoatl (lawful) and Huhetotl (chaotic). You were right-handed. You were in the Dungeons of Doom, on level 3. You entered the dungeon 1750 turns ago. You had 65 experience points, 15 more were needed to attain level 4. Basics: You had 0 out of 24 hit points. You had all 11 energy points (spell power). Your armor class was 6. Your wallet was empty, but you had 1345 zorkmids stashed away in your pack. Autopickup was on for '$' plus thrown. Final Characteristics: Your strength was 14 (limit:18/50). Your dexterity was 9 (limit:18). Your constitution was 15 (limit:18). Your intelligence was 13 (limit:19). Your wisdom was 17 (limit:18). Your charisma was 10 (limit:18). Final Status: You weren't hungry. You were unencumbered. You were wielding a whip. You had basic skill with whip. Final Attributes: You were devoutly aligned. You were level-drain resistant. You were telepathic. You had automatic searching. You had infravision. You were a werejackal. You were harmed by silver. You are dead. Miscellaneous: You never encountered a bones level. Total elapsed playing time was 10 minutes and 51 seconds. Major events: Turn 1: elenmirie the neutral female gnomish Archeologist entered the dungeon 1207: attained the rank of Field Worker (level 3) 1655: entered the Gnomish Mines 1750: killed by a coyote Vanquished creatures: a floating eye a kobold leader a werejackal an iguana a hobbit a giant rat a jackal a goblin 2 sewer rats 5 grid bugs 2 lichens 7 newts 24 creatures vanquished. No species were genocided or became extinct. Voluntary challenges: You read items or engraved 1 time. You never engraved Elbereth. You never genocided any monsters. You never polymorphed an object. You never changed form. You used no wishes. Achievements: You entered a shop. You attained the rank of Field Worker. You entered the Gnomish Mines. The Dungeons of Doom: levels 1 to 3 Level 1: An altar, some fountains. Level 2: Level 3: <- You were here. An altar to Camaxtli. Stairs down to The Gnomish Mines. Final resting place for you, killed by a coyote. The Gnomish Mines: Level 4: Game over: ---------- / \ / REST \ / IN \ / PEACE \ / \ | elenmirie | | 1345 Au | | killed by a | | coyote | | | | | | 2024 | *| * * * | * _________)/\\_//(\/(/\)/\//\/|_)_______ Goodbye elenmirie the Archeologist... You died in The Dungeons of Doom on dungeon level 3 with 1621 points, and 1345 pieces of gold, after 1750 moves. You were level 3 with a maximum of 24 hit points when you died.